 Dungeon Crawl Stone Soup version 0.31.0 (webtiles) character file.

Game seed: 10341901198065094177

7 Arcadio the Slasher (level 1, -1/30 HPs)
             Began as a Minotaur Berserker on Jan 19, 2024.
             Was a Follower of Trog.
             Slain by a kobold
             ... wielding a +0 dagger
              (3 damage)
             ... on level 1 of the Dungeon.
             The game lasted 00:00:53 (225 turns).

Arcadio the Slasher (Minotaur Berserker)             Turns: 225, Time: 00:00:53

Health: -1/30      AC:  2    Str: 21    XL:     1   Next: 83%
Magic:  0/0        EV: 12    Int:  4    God:    Trog [*.....]
Gold:   20         SH:  0    Dex:  9    Spells: 0/0 levels left

rFire   . . .        a - +0 falchion
rCold   . . .        (no shield)
rNeg    . . .        b - +0 animal skin
rPois   .            (helmet restricted)
rElec   .            (no cloak)
rCorr   .            (no gloves)
SInv    .            (no boots)
Will    .....        (no amulet) Stlth
                     (no ring)
HPRegen 0.25/turn    (no ring)
MPRegen 0.07/turn

%: no passive effects
@: berserking, very quick
A: horns 2, retaliatory headbutt
a: Renounce Religion, Berserk


You were on level 1 of the Dungeon.
You worshipped Trog.
Trog was aware of your devotion.
You visited 1 branch of the dungeon, and saw 1 of its levels.

You collected 20 gold pieces.

Inventory:

Hand Weapons
 a - a +0 falchion (weapon)
Armour
 b - a +0 animal skin (worn)
Talismans
 d - a maw talisman
Scrolls
 c - a scroll of teleportation {unknown}
Potions
 e - a potion of mutation {unknown}


   Skills:
 + Level 3.9 Fighting
 + Level 3.9 Long Blades
 + Level 2.5 Armour
 - Level 2.1 Dodging


You couldn't memorise any spells.
You didn't know any spells.
Your spell library was empty.

Dungeon Overview and Level Annotations

Branches:
Dungeon (1/15) Zot: 5765

Altars:


Innate Abilities, Weirdness & Mutations

You have a pair of horns on your head.
You reflexively headbutt those who attack you in melee.


Message History

The giant cockroach is severely wounded.
The giant cockroach closely misses you. The hobgoblin barely misses you.
The hobgoblin attacks as it pursues you!
The hobgoblin hits you from afar with a +0 spear.
You closely miss the giant cockroach. Your punch misses the giant cockroach.
The giant cockroach is heavily wounded.
The giant cockroach bites you but does no damage.
The hobgoblin closely misses you.
You closely miss the giant cockroach.
The giant cockroach is heavily wounded.
The giant cockroach bites you but does no damage.
The hobgoblin barely misses you. The giant cockroach bites you.
You hit the giant cockroach but do no damage.
You headbutt the giant cockroach.
You kill the giant cockroach!
Trog accepts your kill.
The hobgoblin hits you from afar with a +0 spear.
The hobgoblin attacks as it pursues you!
The hobgoblin barely misses you.
The hobgoblin attacks as it pursues you!
The hobgoblin hits you from afar with a +0 spear.
The hobgoblin attacks as it pursues you!
The hobgoblin closely misses you.
A red film seems to cover your vision as you go berserk!
You feel yourself moving faster!
You feel mighty!
The hobgoblin hits you from afar with a +0 spear.
You feel a strong urge to attack something.
The hobgoblin barely misses you. The kobold hits you with a +0 dagger.
* * * LOW HITPOINT WARNING * * *
You closely miss the hobgoblin. The hobgoblin hits you with a +0 spear.
* * * LOW HITPOINT WARNING * * *
You completely miss the hobgoblin. The kobold hits you but does no damage.
You slash the hobgoblin!
You kill the hobgoblin!
Trog accepts your kill. The kobold misses you.
You hit the kobold. Your headbutt misses the kobold.
The kobold is moderately wounded.
The kobold hits you with a +0 dagger.
You die...

#.. ....#
#.#.# ###
#.#.# #.#.#
#.#.# #.#.#
#.#.# #.#.#
#.#.# #.#.#
#.#K# #.#.##
#.#.# #....#
#.#.#####....#
#.....$@.....#
###...K.....##
########..#
####


You could see a kobold.

Vanquished Creatures
  A giant cockroach (D:1)
  3 hobgoblins (D:1)
  A bat (D:1)
  A frilled lizard (D:1)
6 creatures vanquished.

Notes
Turn   | Place    | Note
-------+----------+-------------------------------------------
     0 | D:1      | Arcadio the Minotaur Berserker began the quest for the Orb.
     0 | D:1      | Reached XP level 1. HP: 19/19 MP: 0/0
   222 | D:1      | HP: 1/30 [hobgoblin/+0 spear (5)]
   225 | D:1      | Slain by a kobold

Illustrated notes

Levels and vault maps discovered:
D:1:      eino_arrival_water_cross, layout_basic, reono_crystal_passage

Action                     || total
---------------------------++-------
  Melee: Falchion          ||    28
         Headbutt          ||     3
 Invoke: Berserk           ||     2
 Armour: Animal skin       ||    34
  Dodge: Dodged            ||    30
